 Dungeon Crawl Stone Soup version 0.31-a0-1178-gc5c9b8f871 (webtiles) character file.

Game seed: 17293582543809686892

152887 grandjackal the End of an Era (level 17, -6/156 HPs)
             Began as a Demonspawn Gladiator on Dec 11, 2023.
             Was the Champion of Qazlal.
             Mangled by a +2 battleaxe of flaming (24 damage)
             ... on level 2 of the Elven Halls on Dec 12, 2023.
             The game lasted 00:35:29 (29251 turns).

grandjackal the End of an Era (DsGl)               Turns: 29251, Time: 00:35:30

Health: -6/156     AC: 17    Str: 23    XL:     17   Next: 3%
Magic:  0/22       EV:  7    Int: 15    God:    Qazlal [******]
Gold:   1720       SH:  8    Dex: 14    Spells: 16/16 levels left

rFire   + + .        R - +2 battleaxe (vamp)
rCold   + . .        (shield currently unavailable)
rNeg    + + .        T - +2 plate armour {rF+}
rPois   .            (helmet unavailable)
rElec   +            j - +2 cloak
rCorr   .            C - +0 pair of gloves
SInv    .            (no boots)
Will    ++...        (no amulet) Stlth
                     v - ring of willpower
HPRegen 0.46/turn    Q - ring of Gozag's Wrath {rElec rC+ rN++ MP-9 Int+6}
MPRegen 0.36/turn

%: repel missiles, guardian spirit
@: protected from fire, hasted, studying Maces & Flails, very quick
A: horns 3, ignite blood 3, magic shield, magic regeneration, weakness stinger
2, demonic touch 1
a: Renounce Religion, Upheaval, Elemental Force, Disaster Area


You were on level 2 of the Elven Halls.
You worshipped Qazlal.
Qazlal was exalted by your worship.
You visited 5 branches of the dungeon, and saw 26 of its levels.
You also visited: Gauntlet.

You collected 2360 gold pieces.
You spent 640 gold pieces at shops.

Inventory:

Hand Weapons
 a - a +2 mace of protection
 E - a +0 broad axe of protection
 R - a +2 vampiric battleaxe (weapon)
 X - a +1 vampiric great mace
Missiles
 c - 3 silver javelins
 d - 2 throwing nets (quivered)
 e - 8 javelins
Armour
 j - a +2 cloak (worn)
 m - a +0 plate armour of cold resistance
 n - a +0 kite shield
 C - a +0 pair of gloves (worn)
 K - a +2 leather armour of cold resistance
 S - +0 storm dragon scales
 T - a +2 plate armour of fire resistance (worn)
 Z - the +1 ring mail "Upimol" {rC+ Regen+ Int+3 Slay+3}
   (You found it on level 2 of the Elven Halls)

   Int+3:     It affects your intelligence (+3).
   Slay+3:    It affects your accuracy & damage with ranged weapons and melee
   (+3).
   rC+:       It protects you from cold.
   Regen+:    It increases your rate of health regeneration.
Jewellery
 s - a ring of positive energy
 v - a ring of willpower (left hand)
 y - a ring of protection from cold
 Q - the ring of Gozag's Wrath (right hand) {rElec rC+ rN++ MP-9 Int+6}
   (You found it in a Gauntlet)

   [ring of intelligence]

   Int+6:     It affects your intelligence (+6).
   rC+:       It protects you from cold.
   rElec:     It insulates you from electricity.
   rN++:      It greatly protects you from negative energy.
   MP-9:      It affects your magic capacity (-9).
Wands
 b - a wand of roots (8)
 t - a wand of flame (43)
 u - a wand of polymorph (10)
 z - a wand of charming (14)
 L - a wand of quicksilver (15)
 N - a wand of mindburst (24)
Scrolls
 g - 4 scrolls of immolation
 h - 5 scrolls of poison
 i - 8 scrolls of fear
 l - 2 scrolls of fog
 q - 13 scrolls of teleportation
 r - 7 scrolls of blinking
 w - 3 scrolls of summoning
 x - 2 scrolls of vulnerability
 A - 2 scrolls of torment
 D - 2 scrolls of silence
 J - 4 scrolls of enchant armour
 O - 7 scrolls of identify
 P - a scroll of enchant weapon
Potions
 f - 2 potions of brilliance
 k - 8 potions of curing
 o - 3 potions of haste
 p - 3 potions of lignification
 B - 3 potions of cancellation
 F - a potion of magic
 G - 4 potions of mutation
 H - 2 potions of experience
 I - 2 potions of might
 M - 4 potions of heal wounds
 U - 2 potions of enlightenment
 W - 3 potions of resistance
 Y - a potion of ambrosia
Miscellaneous
 V - a phial of floods


   Skills:
 + Level 20.4 Fighting
 - Level 16.0(16.9) Axes
 + Level 9.5(13.8) Maces & Flails
 - Level 2.2 Throwing
 - Level 3.0 Armour
 - Level 3.0 Dodging
 + Level 21.2 Invocations


You had 16 spell levels left.
You didn't know any spells.
Your spell library contained the following spells:

 Spells                   Type           Power      Damage    Failure   Level
 Freeze                   Ice            0%         1d3       99%         1
 Kiss of Death            Conj/Necr      0%         2d5       99%         1
 Magic Dart               Conj           0%         1d3       99%         1
 Necrotise                Necr           0%         1d4       99%         1
 Shock                    Conj/Air       0%         1d3       99%         1
 Slow                     Hex            0%         N/A       99%         1
 Sting                    Tmut/Pois      0%         1d3       99%         1
 Blink                    Tloc           0%         N/A       100%        2
 Call Imp                 Summ           0%         N/A       100%        2
 Momentum Strike          Conj/Tloc      0%         3d8       100%        2
 Poisonous Vapours        Pois/Air       0%         N/A       100%        2
 Searing Ray              Conj           0%         2d4       100%        2
 Call Canine Familiar     Summ           0%         N/A       100%        3
 Confusing Touch          Hex            0%         N/A       100%        3
 Frozen Ramparts          Ice            0%         1d1       100%        3
 Hailstorm                Conj/Ice       0%         3d5       100%        3
 Mephitic Cloud           Conj/Pois/Air  0%         N/A       100%        3
 Sigil of Binding         Hex            0%         N/A       100%        3
 Swiftness                Air            0%         N/A       100%        3
 Vampiric Draining        Necr           0%         2d6       100%        3
 Airstrike                Air            0%         2d(0-16)  100%        4
 Dimensional Bullseye     Hex/Tloc       0%         N/A       100%        4
 Fulminant Prism          Conj/Hex       0%         3d5       100%        4
 Leda's Liquefaction      Hex/Erth       0%         N/A       100%        4
 Olgreb's Toxic Radiance  Pois           0%         N/A       100%        4
 Vhi's Electric Charge    Tloc/Air       0%         N/A       100%        4
 Agony                    Necr           0%         N/A       100%        5
 Borgnjor's Vile Clutch   Necr/Erth      0%         N/A       100%        5
 Summon Forest            Summ/Tloc      0%         N/A       100%        5
 Summon Mana Viper        Hex/Summ       0%         N/A       100%        5
 Eringya's Noxious Bog    Tmut/Pois      0%         4d6       100%        6
 Summon Cactus Giant      Summ           0%         N/A       100%        6
 Haunt                    Necr/Summ      0%         N/A       100%        7
 Malign Gateway           Summ/Tloc      0%         N/A       100%        7
 Summon Hydra             Summ           0%         N/A       100%        7


Dungeon Overview and Level Annotations

Branches:
Dungeon (15/15)            Temple (1/1) D:6            Lair (5/5) D:9
  Swamp (0/4) Lair:3       Spider (0/4) Lair:2        Slime (0/5) Lair:5
    Orc (2/2) D:11            Elf (3/3) Orc:2        Vaults (0/5) D:14
 Depths (0/4) D:15        Gauntlet (visited)

Altars:
Ashenzari
Cheibriados
Dithmenos
Fedhas
Gozag
Hepliaklqana
Kikubaaqudgha
Makhleb
Nemelex Xobeh
Okawaru
Qazlal
Ru
Sif Muna
Trog
Uskayaw
Vehumet
Wu Jian
Xom
Yredelemnul
Jiyva
Lugonu

Shops:
D:2 [   D:9 :   Orc:2 ==(!

Portals:
Abyss: Lair:5

Annotations:
D:6 2 runed translucent doors, ShellytheWitch's ghost, novice KoBr
D:8 1 runed translucent door, backslashecho's ghost, novice OpIE
Lair:2 2 transporters


Innate Abilities, Weirdness & Mutations

You have a pair of large horns on your head.
Your demonic aura causes all spilled blood to erupt in flames.
When hurt, damage is shared between your health and your magic reserves.
You regenerate magic rapidly.
You have a tail ending in a sharp stinger.
Your touch may inflict minor irresistible damage on your foes.


Message History

Your tail-slap misses the +0 battleaxe of electrocution.
The +0 battleaxe of electrocution is severely damaged.
The +0 battleaxe of electrocution hits you.
You feel more protected from physical attacks.
You slice the +0 battleaxe of electrocution!!
The +0 battleaxe of electrocution falls from the air.
Qazlal accepts your kill.
A deep elf knight comes into view. It is wielding a +0 scimitar.
The deep elf knight unwields a +0 short sword.
The deep elf knight wields a +0 longbow.
The deep elf knight shoots an arrow.
The arrow closely misses you.
You see here a +0 battleaxe of electrocution.
The deep elf pyromancer mumbles some strange words.
The deep elf pyromancer blinks!
The deep elf knight mumbles some strange words.
The deep elf knight flickers and vanishes!
Deactivating autopickup; reactivate with Ctrl-A.
There is an open door here.
There is an open door here.
The +2 battleaxe of flaming attacks as it pursues you!
The +2 battleaxe of flaming hits you!
You feel more protected from physical attacks.
Your resistance to physical damage fades away.
You feel protected from fire. The +2 battleaxe of flaming burns you.
You barely miss the +2 battleaxe of flaming.
Your tail-slap misses the +2 battleaxe of flaming.
The +2 battleaxe of flaming is engulfed in blazing flames.
The +2 battleaxe of flaming hits you!!
* * * LOW HITPOINT WARNING * * *
The +2 battleaxe of flaming burns you.
* * * LOW HITPOINT WARNING * * *
There is an escape hatch in the floor here.
There is an open door here.
The +2 battleaxe of flaming hits you!!
* * * LOW HITPOINT WARNING * * *
The +2 battleaxe of flaming burns you.
* * * LOW HITPOINT WARNING * * *
You feel yourself speed up. The +2 battleaxe of flaming hits you!!
You die...

#.######.# ##'#...'## #### ##
.## #..#'###.###'##.##### ##
#....##'## #.###.##.## #
#..[...### #.# ##'...## #
#####........# #.# ##.....## #
....'......### #.###.......##
## #####....### #.##..)......#
#. #..### #.###.......## #.
#### #@# ##.....## #.
###(####'...## #. #####
##.○○>.#'##.## #.
#...######.....○.######### ##
#...'...'.....§○☼.# #..### #
#...#####.......°°#####....###
##### #.!.......{...'......#
#.........#####....#.{
#.........# #..#####


You could see a +2 battleaxe of flaming.

Vanquished Creatures
  Rupert (D:14)
  Jorgrun (Orc:2)
  A deep elf blademaster (Elf:2)
  Kirke (D:14)
  Donald (Orc:2)
  A fire giant (Gauntlet)
  Azrael (D:13)
  A deep elf demonologist (Elf:2)
  2 deep elf death magi
  An ettin (Orc:1)
  Snorg (D:10)
  3 vault guards (D:14)
  6 ogre magi
  2 ice dragons (D:15)
  7 hydras
  A hell beast (Gauntlet)
  An ironbound frostheart (D:14)
  A death knight (D:13)
  Erica (Lair:1)
  2 centaur warriors (D:14)
  A boulder beetle (D:11)
  14 dancing weapons
  24 two-headed ogres
  2 tengu warriors
  2 orc high priests (Orc:1)
  10 death yaks
  2 thrashing horrors (Lair:5)
  4 deep elf knights
  A skyshark (Lair:2)
  7 deep elf archers
  2 deep trolls
  2 necromancers (Elf:1)
  5 orc knights
  12 deep elf zephyrmancers
  A harpy (shapeshifter) (D:14)
  7 orc sorcerers
  8 large abominations
  10 ugly things
  17 deep elf pyromancers
  8 cyclopes
  4 manticores
  An oklob plant (Gauntlet)
  9 black mambas
  22 elephants
  A gargoyle (D:13)
  2 smoke demons (Lair:5)
  A cane toad (shapeshifter) (D:13)
  A torpor snail (Gauntlet)
  2 unseen horrors
  12 cane toads
  6 rime drakes
  A freezing wraith (D:14)
  13 komodo dragons
  A tengu conjurer (Gauntlet)
  13 trolls
  A meliai (shapeshifter) (Elf:3)
  A polar bear (shapeshifter) (Elf:2)
  A polar bear (Lair:2)
  A tyrant leech (Lair:3)
  21 blink frogs
  A dream sheep (Lair:5)
  A hornet (D:10)
  2 raiju (Lair:5)
  Sigmund (D:3)
  A spriggan (Lair:5)
  A jumping spider (Lair:2)
  12 small abominations (Lair:5)
  2 air elementals (Elf:2)
  A shadow (D:10)
  4 wyverns
  A ynoxinul (Lair:5)
  5 humans (D:14)
  3 water elementals
  4 slime creatures (D:13)
  A vampire (D:10)
  A wraith (D:12)
  43 yaks
  A hog (shapeshifter) (Lair:5)
  10 basilisks
  5 fire elementals
  4 hogs (D:14)
  A neqoxec (Gauntlet)
  3 steam dragons
  6 vampire mosquitoes
  Menkaure (D:4)
  2 redbacks (Lair:2)
  3 chaos spawn
  A warg (D:11)
  2 swamp worms (Lair:3)
  2 acid dragons
  2 hell hounds
  9 water moccasins
  25 orc warriors
  6 black bears
  3 ice beasts
  An ogre (shapeshifter) (D:14)
  3 boggarts (D:15)
  7 centaurs
  11 wolves
  28 ogres
  3 kobold brigands
  2 elf zombies (Elf:1)
  2 earth elementals
  13 bullfrogs
  6 scorpions
  4 wights (D:7)
  12 killer bees
  4 howler monkeys
  3 electric eels (Lair:3)
  20 orc priests
  A gnoll bouda (D:4)
  6 hounds
  Jessica (D:3)
  3 iguanas
  28 orc wizards
  A sleepcap (D:6)
  Natasha (thrice) (D:3)
  Robin (D:3)
  6 gnolls
  11 adders
  2 shadow imps
  A white imp (D:8)
  2 ufetubi (D:4)
  2 worms (D:2)
  3 dart slugs
  122 orcs
  9 ball pythons
  6 bats
  7 endoplasms
  5 giant cockroaches
  18 goblins
  13 hobgoblins
  7 jackals
  4 quokkas
  2 frilled lizards
  19 kobolds
  4 rats (D:1)
865 creatures vanquished.

Vanquished Creatures (collateral kills)
  A deep elf zephyrmancer (Elf:2)
1 creature vanquished.

Vanquished Creatures (others)
  A deep elf knight (Elf:3)
  A large abomination (Elf:1)
  A tengu conjurer (Gauntlet)
  2 humans (D:14)
  3 orcs (Orc:2)
8 creatures vanquished.

Grand Total: 874 creatures vanquished

Notes
Turn   | Place    | Note
-------+----------+-------------------------------------------
     0 | D:1      | grandjackal the Demonspawn Gladiator began the quest for
                  | the Orb.
     0 | D:1      | Reached XP level 1. HP: 16/16 MP: 1/1
    62 | D:1      | Gained mutation: You regenerate magic rapidly. [demonic
                  | ancestry]
    62 | D:1      | Reached XP level 2. HP: 20/22 MP: 2/2
   430 | D:1      | Found a faded altar of an unknown god.
   608 | D:2      | Reached XP level 3. HP: 28/28 MP: 3/3
   735 | D:2      | Found Lelevviq's Antique Armour Emporium.
   883 | D:2      | Gained mutation: When hurt, damage is shared between your
                  | health and your magic reserves. [demonic ancestry]
   883 | D:2      | Reached XP level 4. HP: 17/34 MP: 4/4
  1049 | D:2      | Reached skill level 1 in Armour
  1279 | D:3      | Noticed Sigmund
  1285 | D:3      | Killed Sigmund
  1286 | D:3      | Discovered your monstrous ancestry.
  1286 | D:3      | Gained mutation: You have a small tail. [demonic ancestry]
  1286 | D:3      | Reached XP level 5. HP: 24/42 MP: 2/5
  1286 | D:3      | Gained mutation: Your touch may inflict minor irresistible
                  | damage on your foes. [demonic ancestry]
  1286 | D:3      | Reached XP level 6. HP: 27/48 MP: 2/6
  1433 | D:3      | Noticed Robin
  1454 | D:3      | Killed Robin
  1595 | D:3      | Noticed Jessica
  1598 | D:3      | Killed Jessica
  1698 | D:3      | Noticed Natasha
  1705 | D:3      | Killed Natasha
  1807 | D:3      | Noticed Natasha
  1815 | D:3      | Killed Natasha
  1880 | D:3      | Noticed Natasha
  1883 | D:3      | Killed Natasha
  2118 | D:4      | Gained mutation: You have a tail ending in a sharp stinger.
                  | [demonic ancestry]
  2118 | D:4      | Reached XP level 7. HP: 34/55 MP: 4/7
  2213 | D:4      | Noticed Menkaure
  2223 | D:4      | Killed Menkaure
  2224 | D:4      | Reached skill level 5 in Fighting
  2224 | D:4      | Reached skill level 5 in Axes
  2602 | D:4      | Found an opulent altar of Gozag.
  3028 | D:4      | Identified the ring "Caeletyilo" {rN+ Will- Str+4 Int+6}
  3277 | D:5      | Entered Level 5 of the Dungeon
  3424 | D:5      | Gained mutation: Your demonic aura sometimes causes spilled
                  | blood to erupt in flames. [demonic ancestry]
  3424 | D:5      | Reached XP level 8. HP: 54/64 MP: 8/8
  3876 | D:5      | Found a broken altar of Ashenzari.
  4742 | D:5      | Reached XP level 9. HP: 59/74 MP: 9/9
  5005 | D:6      | Found a large runed translucent door.
  5006 | D:6      | Found a large runed translucent door.
  5007 | D:6      | Noticed ShellytheWitch's ghost (novice KoBr)
  5251 | D:6      | Found an iron altar of Okawaru.
  5315 | D:6      | Found a staircase to the Ecumenical Temple.
  5328 | Temple   | Entered the Ecumenical Temple
  5341 | Temple   | Became a worshipper of Qazlal Stormbringer
  5415 | D:6      | Found a sacrificial altar of Ru.
  5591 | D:7      | Reached skill level 1 in Invocations
  5819 | D:7      | Reached skill level 2 in Invocations
  6268 | D:7      | Found a bloodstained altar of Trog.
  6273 | D:7      | Found a radiant altar of Vehumet.
  6273 | D:7      | Found a burning altar of Makhleb.
  6276 | D:7      | Found a snail-covered altar of Cheibriados.
  6350 | D:7      | Reached skill level 3 in Invocations
  7011 | D:8      | Reached skill level 4 in Invocations
  7081 | D:8      | Found a basalt altar of Yredelemnul.
  7129 | D:8      | Found a runed translucent door.
  7177 | D:8      | Found a shimmering blue altar of Sif Muna.
  7199 | D:8      | Reached * piety under Qazlal
  7474 | D:8      | Reached skill level 5 in Invocations
  7667 | D:8      | Found an iron altar of Okawaru.
  7667 | D:8      | Found an ancient bone altar of Kikubaaqudgha.
  7669 | D:8      | Found a stormy altar of Qazlal.
  7669 | D:8      | Found a shimmering blue altar of Sif Muna.
  7669 | D:8      | Found a shimmering altar of Xom.
  7790 | D:8      | Noticed backslashecho's ghost (novice OpIE)
  7949 | D:9      | Noticed a two-headed ogre
  7960 | D:9      | Killed a two-headed ogre
  7961 | D:9      | Reached skill level 6 in Invocations
  7961 | D:9      | Gained mutation: You have a pair of small horns on your
                  | head. [demonic ancestry]
  7961 | D:9      | Reached XP level 10. HP: 57/83 MP: 12/14
  8100 | D:9      | Found a staircase to the Lair.
  8123 | D:9      | Reached skill level 10 in Fighting
  8128 | D:9      | Reached skill level 7 in Invocations
  8487 | D:9      | Reached ** piety under Qazlal
  8576 | D:9      | Found Lakolarch's Book Shop.
  8668 | D:9      | Found a shadowy altar of Dithmenos.
  8767 | D:9      | You fall into a shaft and drop 1 floor!
  8767 | D:10     | Entered Level 10 of the Dungeon
  9033 | D:10     | Reached skill level 8 in Invocations
  9536 | D:10     | Found an ancient bone altar of Kikubaaqudgha.
  9565 | D:10     | Noticed Snorg
  9577 | D:10     | Killed Snorg
  9578 | D:10     | Reached skill level 10 in Axes
 10349 | D:11     | Reached *** piety under Qazlal
 10350 | D:11     | Reached XP level 11. HP: 83/92 MP: 17/17
 10386 | D:11     | Reached skill level 9 in Invocations
 10426 | D:11     | Found a staircase to the Orcish Mines.
 10563 | D:11     | Noticed a boulder beetle
 10573 | D:11     | Killed a boulder beetle
 11183 | D:11     | Identified a scroll of acquirement
 11260 | D:11     | Acquired a manual of Fighting
 11286 | D:12     | Noticed a two-headed ogre
 11291 | D:12     | Noticed a two-headed ogre
 11294 | D:12     | Killed a two-headed ogre
 11301 | D:12     | Killed a two-headed ogre
 11302 | D:12     | Reached skill level 10 in Invocations
 11665 | D:12     | Noticed a red ugly thing
 11678 | D:12     | Killed a red ugly thing
 12397 | Orc:1    | Entered Level 1 of the Orcish Mines
 12405 | Orc:1    | Noticed an orc sorcerer
 12409 | Orc:1    | Reached **** piety under Qazlal
 12498 | Orc:1    | Noticed a sun demon
 12498 | Orc:1    | Killed an orc sorcerer
 12499 | Orc:1    | Reached skill level 11 in Invocations
 12634 | Orc:2    | Entered Level 2 of the Orcish Mines
 12634 | Orc:2    | Noticed an orc sorcerer
 12634 | Orc:2    | Noticed an orc sorcerer
 12637 | Orc:2    | Noticed an orc knight
 12641 | Orc:1    | Killed an orc sorcerer
 12645 | Orc:2    | Noticed Donald
 12733 | Lair:1   | Entered Level 1 of the Lair of Beasts
 13037 | Lair:1   | Reached XP level 12. HP: 105/105 MP: 20/20
 13074 | Lair:1   | Reached skill level 12 in Invocations
 13284 | Lair:1   | Reached ***** piety under Qazlal
 13416 | Lair:1   | Noticed Erica
 13429 | Lair:1   | Killed Erica
 14059 | Lair:2   | Found a transporter.
 14085 | Lair:2   | Reached skill level 13 in Invocations
 14231 | Lair:2   | Reached skill level 15 in Fighting
 14343 | Lair:2   | Noticed a six-headed hydra
 14353 | Lair:2   | Killed a six-headed hydra
 14599 | Lair:2   | Found a transporter.
 14622 | Lair:2   | Gained mutation: You have a pair of horns on your head.
                  | [demonic ancestry]
 14622 | Lair:2   | Reached XP level 13. HP: 71/117 MP: 18/23
 14777 | Lair:2   | Reached skill level 14 in Invocations
 15016 | Lair:2   | Found a hole to the Spider Nest.
 15959 | Lair:3   | Reached skill level 15 in Invocations
 16141 | Lair:3   | Found a staircase to the Swamp.
 17408 | Lair:4   | Reached ****** piety under Qazlal
 17699 | Lair:4   | Gained mutation: Your demonic aura often causes spilled
                  | blood to erupt in flames. [demonic ancestry]
 17699 | Lair:4   | Reached XP level 14. HP: 118/128 MP: 22/25
 18066 | Lair:5   | Entered Level 5 of the Lair of Beasts
 18072 | Lair:5   | Reached skill level 16 in Invocations
 18072 | Lair:5   | Found a gate leading to a gauntlet.
 18081 | Gauntlet | Entered a Gauntlet
 18081 | Gauntlet | Found a transporter.
 18086 | Gauntlet | Found a transporter.
 18090 | Gauntlet | Found a transporter.
 18094 | Gauntlet | Found a runed translucent door.
 18096 | Gauntlet | Found a runed translucent door.
 18098 | Gauntlet | Found a transporter.
 18102 | Gauntlet | Found a transporter.
 18110 | Gauntlet | Found a transporter.
 18114 | Gauntlet | Found a transporter.
 18126 | Gauntlet | Found a transporter.
 18126 | Gauntlet | Found a transporter.
 18134 | Gauntlet | Found a transporter.
 18157 | Gauntlet | Found a transporter.
 18161 | Gauntlet | Found a runed translucent door.
 18169 | Gauntlet | Found a transporter.
 18181 | Gauntlet | Found a transporter.
 18193 | Gauntlet | Found a transporter.
 18485 | Gauntlet | Identified the ring of Gozag's Wrath {rElec rC+ rN++ MP-9
                  | Int+6}
 18695 | Gauntlet | Identified the +6 war axe "Ochaf" {holy, rCorr Int+2}
 18695 | Gauntlet | Identified the +7 shortbow of Logor {elec, rF+}
 18698 | Gauntlet | a minotaur changed into a fire giant
 18698 | Gauntlet | Noticed a fire giant
 18712 | Gauntlet | Killed a fire giant
 18783 | Gauntlet | Got the Incunabulum of Superposition
 18902 | Lair:5   | Found a viscous altar of Jiyva.
 18902 | Lair:5   | Found a staircase to the Slime Pits.
 19445 | Lair:5   | Reached skill level 17 in Invocations
 20041 | Lair:5   | Found a corrupted altar of Lugonu.
 20041 | Lair:5   | Found a one-way gate to the infinite horrors of the Abyss.
 20551 | Orc:2    | Noticed Jorgrun
 20554 | Orc:2    | Killed Donald
 20919 | Orc:2    | Killed Jorgrun
 20920 | Orc:2    | Reached skill level 15 in Axes
 20920 | Orc:2    | Gained mutation: You have a pair of large horns on your
                  | head. [demonic ancestry]
 20920 | Orc:2    | Reached XP level 15. HP: 50/137 MP: 1/27
 21222 | Orc:1    | Reached skill level 18 in Invocations
 22519 | Orc:2    | Found a staircase to the Elven Halls.
 22531 | Orc:2    | Found Xoolit's Antique Weapon Emporium.
 22532 | Orc:2    | Found Bufoeh's Distillery.
 22536 | Orc:2    | Found Eddeggiu's Jewellery Shop.
 22538 | Orc:2    | Bought a potion of resistance for 160 gold pieces
 22538 | Orc:2    | Bought a potion of curing for 48 gold pieces
 22538 | Orc:2    | Bought a potion of heal wounds for 80 gold pieces
 22538 | Orc:2    | Bought a potion of curing for 48 gold pieces
 22538 | Orc:2    | Bought a potion of curing for 48 gold pieces
 22538 | Orc:2    | Bought a potion of cancellation for 128 gold pieces
 22538 | Orc:2    | Bought a potion of cancellation for 128 gold pieces
 22545 | Orc:2    | Found Esses's Jewellery Shoppe.
 23438 | D:13     | Noticed Azrael
 23450 | D:13     | Killed Azrael
 23453 | D:13     | Reached skill level 19 in Invocations
 23911 | D:13     | Found a snail-covered altar of Cheibriados.
 23965 | D:13     | Identified the +0 robe of the Old and Reckless {rPois rN+
                  | Dex-5}
 24410 | D:14     | Noticed Kirke
 24417 | D:14     | Killed Kirke
 24440 | D:14     | Noticed Rupert
 24453 | D:14     | Killed Rupert
 24579 | D:14     | Acquired a manual of Maces & Flails
 24617 | D:14     | Reached skill level 1 in Maces & Flails
 24629 | D:14     | Reached XP level 16. HP: 110/147 MP: 16/29
 24744 | D:14     | Found an iron altar of Okawaru.
 24919 | D:14     | Found a gate to the Vaults.
 25061 | D:15     | Entered Level 15 of the Dungeon
 25146 | D:15     | Found a shimmering blue altar of Sif Muna.
 25458 | D:15     | Reached skill level 20 in Invocations
 25465 | D:15     | Reached skill level 5 in Maces & Flails
 25711 | D:15     | Found a staircase to the Depths.
 25865 | Elf:1    | Entered Level 1 of the Elven Halls
 26665 | Elf:1    | Got the Book of Abominable Rites
 27608 | Elf:3    | Entered Level 3 of the Elven Halls
 27935 | Elf:2    | Identified the +1 ring mail "Upimol" {rC+ Regen+ Int+3
                  | Slay+3}
 27940 | Elf:1    | Found a radiant altar of Vehumet.
 28008 | Elf:2    | Paralysed by an air elemental for 1 turns
 28236 | Elf:2    | Reached skill level 21 in Invocations
 28400 | Elf:2    | Noticed a Tzitzimitl
 28484 | Elf:2    | Paralysed by an air elemental for 1 turns
 28486 | Elf:2    | Paralysed by an air elemental for 1 turns
 28782 | Elf:2    | Found a runed translucent gate.
 28782 | Elf:2    | Found a runed translucent gate.
 28782 | Elf:2    | Found a runed translucent gate.
 29140 | Elf:2    | Noticed a deep elf blademaster
 29150 | Elf:2    | Killed a deep elf blademaster
 29152 | Elf:2    | Gained mutation: Your demonic aura causes all spilled blood
                  | to erupt in flames. [demonic ancestry]
 29152 | Elf:2    | Reached XP level 17. HP: 156/156 MP: 17/31
 29251 | Elf:2    | Mangled by a +2 battleaxe of flaming

Illustrated notes

Levels and vault maps discovered:
D:1:      dpeg_arrival_solitude, layout_basic, ebering_ecumenical_altar_mist,
          nicolae_figureground_sparkle
D:2:      layout_rooms, serial_shops, nicolae_shop_behind_doors,
          minmay_pentomino_z4
D:3:      layout_loops_ring, uniq_jessica, uniq_robin, uniq_sigmund,
          uniq_natasha
D:4:      layout_basic, grunt_gozag_statues, chequers_big_river,
          patterned_corridor, uniq_menkaure
D:5:      layout_cave_pods, lemuel_crystal_altar, sigmund_army
D:6:      layout_cave_pools, mainiacjoe_overflow_catwalk, marbit_many_paths,
          overflow_temple_1_default, nicolae_ru_path_of_blood, temple_hall,
          ebering_ghost_disaster_area
D:7:      layout_basic, grunt_temple_overflow_open, eino_tiny_chamber
D:8:      layout_basic, doesnt_xom_only_xom, overflow_temple_1_default,
          ebering_ghost_reflecting_pool
D:9:      layout_basic, kennysheep_little_box, overflow_temple_1_default,
          due_lair_maze_entry_diamond, serial_shops, shop
D:10:     layout_roguey, mainiacjoe_overflow_small_starburst, special_room
          [special_room_orc], uniq_snorg
D:11:     layout_rooms, hiddenorc2_lemuel
D:12:     layout_layer_cave, minmay_misc_feat_alley
D:13:     layout_cave_pods, cheibriados_altar_1, uniq_azrael
D:14:     layout_rooms, hellmonk_vaults_keyhole, okawaru_ov_weapons_minmay,
          uniq_kirke, uniq_rupert
D:15:     grunt_enter_depths_hoard, layout_gridville, nicolae_tricolors,
          serial_glass, glass_columns_c, glass_columns_b,
          serial_library_hellmonk_narrow_alcove
Temple:   nicolae_temple_ecumenical_triangle
Lair:1:   layout_loops_ring, beast_lair_carwin_1, grunt_megastairs_2,
          infiniplex_staircase_pool_2, uniq_erica
Lair:2:   gammafunk_worm_tunnel, layout_misc_corridors, spider_nest_entry_a,
          grunt_megastairs_1
Lair:3:   layout_gridlike, palyth_hydra_swamp_entry, lemuel_fruit_tree,
          serial_bayou_shore_a, lemuel_fruit_fields, infiniplex_staircase_pool
Lair:4:   layout_cave_shapes, serial_bayou_shore_b
Lair:5:   hellmonk_lair_end_abyssal_woods, layout_loops_ring, slime_entry_1,
          gauntlet_entry_generic, guppyfry_lair_drakes
Orc:1:    layout_diamond_mine, basic_altar
Orc:2:    st_orc_open, layout_caves, portal_ice_cave_rime, uniq_jorgrun,
          uniq_donald
Elf:1:    eino_elf_arrival_sip, layout_geoelf_grid, minmay_elf_necromancy,
          lemuel_upstairs_altar
Elf:2:    nicolae_elf_blades_splatter_lattice [nicolae_blade_bullseye],
          layout_geoelf_octagon, lemuel_elevator
Elf:3:    grunt_elf_hall_diamonds, layout_geoelf_castle, enter_trove_2

Skill      XL: |  1  2  3  4  5  6  7  8  9 10 11 12 13 14 15 16 |
---------------+-------------------------------------------------+-----
Throwing       | 2 |  2.2
Axes           | 3 4 5 7 9 10 11 12 13 15 16 | 16.0
Dodging        | 3 |  3.0
Armour         | 2 3 |  3.0
Fighting       | 4 6 8 9 10 13 15 17 18 19 20 | 20.4
Invocations    | 6 8 11 13 15 17 19 21 | 21.2
Maces & Flails | 1 9 |  9.5

Action                     |  1- 3 |  4- 6 |  7- 9 | 10-12 | 13-15 | 16-18 || total
---------------------------+-------+-------+-------+-------+-------+-------++-------
  Melee: War axe           |    84 |   120 |   205 |       |       |       ||   409
         Punch             |     1 |     1 |     2 |     5 |     6 |       ||    15
         Tailslap          |       |    14 |    40 |    81 |   123 |    72 ||   330
         Touch             |       |    11 |    64 |    74 |    67 |       ||   216
         Broad axe         |       |       |   106 |   503 |   218 |       ||   827
         Headbutt          |       |       |       |   119 |   197 |   110 ||   426
         Mace              |       |       |       |     4 |    22 |       ||    26
         Battleaxe         |       |       |       |       |   451 |   384 ||   835
  Throw: Stone             |       |       |     4 |       |       |       ||     4
         Throwing net      |       |       |     1 |     5 |       |       ||     6
 Invoke: Disaster Area     |       |       |       |       |     1 |       ||     1
         Upheaval          |       |       |       |       |     6 |       ||     6
         Elemental Force   |       |       |       |       |       |     1 ||     1
  Evoke: Wand              |       |       |       |       |     5 |       ||     5
    Use: Scroll            |       |     7 |     8 |    13 |     7 |     3 ||    38
         Potion            |       |     1 |     1 |     1 |     2 |     1 ||     6
   Stab: Sleeping          |       |       |     3 |       |       |       ||     3
         Held in net/web   |       |       |       |     3 |       |       ||     3
         Distracted        |       |       |       |       |     1 |       ||     1
         Paralysed         |       |       |       |       |     1 |     1 ||     2
 Armour: Leather armour    |    52 |    82 |   287 |   324 |       |       ||   745
         Plate armour      |       |       |       |   186 |   863 |   394 ||  1443
  Dodge: Dodged            |    83 |    50 |   228 |   270 |   223 |    85 ||   939
         Repelled          |       |       |       |     1 |     5 |     2 ||     8
  Block: Other             |       |       |     1 |    94 |   245 |    95 ||   435

Table legend: (Time is in decaauts)
 A = Elapsed time spent in this place.
 B = Non-inter-level travel time spent in this place.
 C = Inter-level travel time spent in this place.
 D = Time resting spent in this place.
 E = Time spent auto-exploring this place.
 F = Levels seen in this place.
 G = Mean time per level.
                   A        B        C        D        E       F      G
               +--------+--------+--------+--------+--------+-----+--------+
         Total |  29430 |  28379 |   1051 |   6381 |  17025 |  27 | 1090.0 |
       Dungeon |  15662 |  15031 |    631 |   3002 |   9520 |  15 | 1044.1 |
        Temple |     18 |     18 |      0 |      0 |      0 |   1 |   18.0 |
          Lair |   7034 |   6806 |    228 |    886 |   4907 |   5 | 1406.8 |
  Orcish Mines |   2604 |   2448 |    156 |   1254 |    816 |   2 | 1302.0 |
   Elven Halls |   3364 |   3330 |     34 |    864 |   1782 |   3 | 1121.3 |
      Gauntlet |    746 |    746 |      0 |    374 |      0 |   1 |  746.0 |
               +--------+--------+--------+--------+--------+-----+--------+

Top non-repeatable levels by time:
   Orc:1: 1941 daAuts
   Elf:1: 1786 daAuts
    D:11: 1647 daAuts
  Lair:5: 1635 daAuts
  Lair:3: 1560 daAuts
  Lair:1: 1485 daAuts
    D:10: 1310 daAuts
     D:9: 1309 daAuts
   Elf:2: 1273 daAuts
  Lair:2: 1254 daAuts
     D:5: 1253 daAuts
     D:4: 1223 daAuts
     D:8: 1189 daAuts
    D:13: 1169 daAuts
     D:7: 1149 daAuts
